 Dungeon Crawl Stone Soup version 0.30-a0-939-gc8157cb160 (webtiles) character file.

Game seed: 18263427562476631501

0 Jeffwins the Charlatan (level 1, -1/13 HPs)
             Began as a Human Wanderer on Mar 26, 2023.
             Engulfed by a cloud of steam (9 damage)
             ... on level 1 of the Dungeon.
             The game lasted 00:00:25 (89 turns).

Jeffwins the Charlatan (Human Wanderer)               Turns: 89, Time: 00:00:25

Health: -1/13      AC:  2    Str: 12    XL:     1   Next: 0%
Magic:  1/2        EV: 11    Int: 15    God:
Gold:   5          SH:  0    Dex:  9    Spells: 1/2 levels left

rFire   . . .      SeeInvis .    a - +0 club
rCold   . . .      Faith    .    (no shield)
rNeg    . . .      Spirit   .    c - +0 robe
rPois   .          Reflect  .    (no helmet)
rElec   .          Rampage  .    (no cloak)
rCorr   .                        (no gloves)
Will    .....                    (no boots)
Stlth   +                        (no amulet)
HPRegen 0.22/turn                (no ring)
MPRegen 0.08/turn                (no ring)

@: no status effects
A: no striking features
a: no special abilities


You were on level 1 of the Dungeon.
You visited 1 branch of the dungeon, and saw 1 of its levels.

You collected 5 gold pieces.


   Skills:
 * Level 1.0 Spellcasting
 * Level 0.0 Conjurations
 - Level 4.0 Translocations
 * Level 1.0 Fire Magic
 + Level 4.0 Evocations


You had one spell level left.
You knew the following spells:

 Your Spells              Type           Power      Damage    Failure   Level
z - Foxfire               Conj/Fire      8%         2x1d4     21%         1

Your spell library contained the following spells:

 Spells                   Type           Power      Damage    Failure   Level
 Apportation              Tloc           24%        N/A       4%          1
 Teleport Other           Tloc           12%        N/A       14%         3
 Momentum Strike          Conj/Tloc      12%        3d8       16%         2
 Inner Flame              Hex/Fire       2%         N/A       52%         3

Inventory:

Hand Weapons
 a - a +0 club (weapon)
Armour
 c - a +0 robe (worn)
Wands
 d - a wand of polymorph (7) (quivered)
Scrolls
 b - a scroll of fear

Dungeon Overview and Level Annotations

Branches:
Dungeon (1/15)

Altars:

#########
##.......##
######....<....####
##.§................
#..@g§...##+##....⌠.
#.§§.....#...#......
#........'8.8+......
###########'########
............# #.
#...####....# #.
#...........###g
..........#.#...
..#.......#>..#.


You could see a hobgoblin.


Message History

Unknown command.
Casting: Foxfire (safe; 21% risk of failure)
Confirm with . or Enter, or press ? or * to list all spells.
You don't have enough magic to cast this spell.
Unknown command.
Casting: Foxfire (safe; 21% risk of failure)
Confirm with . or Enter, or press ? or * to list all spells.
You don't have enough magic to cast this spell.
Unknown command.
An endoplasm comes into view.
Your magical contamination has completely faded away.
There is an open door here.
There is an open door here.
The hobgoblin attacks as you move away! The hobgoblin barely misses you.
There is a fountain of clear blue water here.
Casting: Foxfire (safe; 21% risk of failure)
Confirm with . or Enter, or press ? or * to list all spells.
You conjure some foxfire!
The hobgoblin hits you.
Unknown command.
You closely miss the hobgoblin.
The foxfire hits the hobgoblin but does no damage.
The foxfire hits the hobgoblin.
The hobgoblin is severely wounded.
The hobgoblin hits you.
Unknown command.
You hit the hobgoblin.
The hobgoblin is almost dead.
You are engulfed in a cloud of scalding steam.
Ouch! That really hurt!
You die...

Action                     || total
---------------------------++-------
  Melee: Club              ||     2
   Cast: Foxfire           ||     1
  Dodge: Dodged            ||     1

Levels and vault maps discovered:
D:1:      giann_wishing_wells, layout_basic

Notes
Turn   | Place    | Note
-------+----------+-------------------------------------------
     0 | D:1      | Jeffwins the Human Wanderer began the quest for the Orb.
     0 | D:1      | Jeffwins set off with the following items: a +0 club, a
                  | scroll of fear, a +0 robe, a wand of polymorph (7); and the
                  | following spells available to memorise: Apportation,
                  | Momentum Strike, Foxfire, Teleport Other, Inner Flame.
     0 | D:1      | Reached XP level 1. HP: 13/13 MP: 2/2
     2 | D:1      | Learned a level 1 spell: Foxfire
    89 | D:1      | Engulfed by a cloud of steam

Vanquished Creatures (others)
  2 foxfires (D:1)
2 creatures vanquished.

Table legend: (Time is in decaauts)
 A = Elapsed time spent in this place.
 B = Non-inter-level travel time spent in this place.
 C = Inter-level travel time spent in this place.
 D = Time resting spent in this place.
 E = Time spent auto-exploring this place.
 F = Levels seen in this place.
 G = Mean time per level.
                   A        B        C        D        E       F      G
               +--------+--------+--------+--------+--------+-----+--------+
         Total |     89 |     89 |      0 |      0 |     54 |   1 |   89.0 |
       Dungeon |     89 |     89 |      0 |      0 |     54 |   1 |   89.0 |
               +--------+--------+--------+--------+--------+-----+--------+

Top non-repeatable levels by time:
     D:1: 89 daAuts

Table legend:
 A = Non-vault XP
 B = Vault XP
 C = Vault XP percentage of total XP
 D = Non-vault monster count
 E = Vault monster count
 F = Vault count percentage of total count
                 A         B        C        D         E       F
            +---------+---------+-------+---------+---------+-------
      Total |       0 |       0 |   N/A |       0 |       0 |  -nan
            +---------+---------+-------+---------+---------+-------
            +---------+---------+-------+---------+---------+-------
